 Dungeon Crawl Stone Soup version 0.31-a0-142-g31f6795574 (webtiles) character file.

Game seed: 7572069388742182619

12311 NateTC the Destroyer (level 11, -8/81 HPs)
             Began as a Demigod Conjurer on June 3, 2023.
             Mangled by a cane toad (22 damage)
             ... on level 10 of the Dungeon.
             The game lasted 00:35:20 (13360 turns).

NateTC the Destroyer (Demigod Conjurer)            Turns: 13360, Time: 00:35:20

Health: -8/81      AC: 13    Str: 16    XL:     11   Next: 35%
Magic:  1/24       EV: 17    Int: 32    God:
Gold:   655        SH:  5    Dex:  7    Spells: 3/22 levels left

rFire   . . .        a - staff of conjuration
rCold   + . .        (no shield)
rNeg    . . .        d - +0 leather armour "Puwkah" {Rampage Str+8 Dex-5 SInv}
rPois   +            k - +2 helmet
rElec   .            H - +2 cloak {rPois}
rCorr   .            g - +0 pair of gloves
SInv    +            I - +2 pair of boots
Will    +....        C - amulet "Finyir" {Reflect Harm rC+ Slay+3 SH+5}
Stlth   +            q - +5 ring of evasion
HPRegen 0.33/turn    h - ring of flight
MPRegen 0.19/turn

%: harm (+30% outgoing, +20% incoming), reflection, rampage
@: about to teleport, flying
A: high MP 1, forlorn, divine attributes
a: no special abilities


You were on level 10 of the Dungeon.
You visited 2 branches of the dungeon, and saw 11 of its levels.
You also visited: Bailey.

You collected 655 gold pieces.

Inventory:

Hand Weapons
 b - the +10 sling "Cineps" {drain, rF+ Int+3}
   (You found it on level 9 of the Dungeon)

   Int:       It affects your intelligence (+3).
   rF:        It protects you from fire.
 x - a +3 rapier of freezing
Armour
 d - the +0 leather armour "Puwkah" (worn) {Rampage Str+8 Dex-5 SInv}
   (You found it on level 4 of the Dungeon)

   Str:       It affects your strength (+8).
   Dex:       It affects your dexterity (-5).
   SInv:      It lets you see invisible.
   Rampage:   It bestows one free step when moving towards enemies.
 f - a scarf of resistance
 g - a +0 pair of gloves (worn)
 k - a +2 helmet (worn)
 E - the scarf of Oklayk {repulsion, -Tele Int+8}
   (You acquired it in a bailey)

   Int:       It affects your intelligence (+8).
   -Tele:     It prevents most forms of teleportation.
 H - a +2 cloak of poison resistance (worn)
 I - a +2 pair of boots (worn)
Magical Staves
 a - a staff of conjuration (weapon)
Jewellery
 h - a ring of flight (right hand)
 q - a +5 ring of evasion (left hand)
 C - the amulet "Finyir" (around neck) {Reflect Harm rC+ Slay+3 SH+5}
   (You acquired it in a bailey)

   [amulet of reflection]

   It reflects blocked missile attacks.
   Slay:      It affects your accuracy & damage with ranged weapons and melee
   (+3).
   rC:        It protects you from cold.
   SH:        It affects your SH (+5).
   Harm:      It increases damage dealt and taken.
 D - a ring of ice
Wands
 n - a wand of mindburst (12)
 F - a wand of flame (26)
 J - a wand of charming (5)
Scrolls
 c - 6 scrolls of teleportation
 o - 3 scrolls of magic mapping
 y - a scroll of torment
 z - a scroll of enchant weapon
 A - a scroll of fear
 B - 3 scrolls of fog
 K - 2 scrolls of identify
 L - a scroll of amnesia {unknown}
Potions
 e - 3 potions of resistance
 i - 3 potions of curing
 j - 3 potions of heal wounds
 l - 3 potions of lignification
 m - a potion of enlightenment
 p - a potion of haste
 r - 3 potions of invisibility
 s - 2 potions of might
 t - 2 potions of ambrosia
 u - 2 potions of attraction {unknown}
 v - a potion of mutation {unknown}
 w - a potion of degeneration {unknown}
 G - a potion of magic


   Skills:
 * Level 2.8 Fighting
 * Level 3.5 Dodging
 - Level 1.7 Stealth
 - Level 6.3 Spellcasting
 - Level 9.2 Conjurations
 - Level 4.3 Hexes
 - Level 7.9 Translocations
 - Level 8.8 Earth Magic


You had 3 spell levels left.
You knew the following spells:

 Your Spells              Type           Power      Damage    Failure   Level
a - Magic Dart            Conj           100%       1d8       1%          1
b - Searing Ray           Conj           100%       2d8       1%          2
c - Lehudib's Crystal Sp  Conj/Erth      40%        10d10     100%        8
d - Fulminant Prism       Conj/Hex       34%        3d16      3%          4
e - Iskenderun's Mystic   Conj/Tloc      78%        2d16      1%          4

Your spell library contained the following spells:

 Spells                   Type           Power      Damage    Failure   Level
 Apportation              Tloc           100%       N/A       1%          1
 Shock                    Conj/Air       100%       1d9       1%          1
 Passwall                 Tmut/Erth      31%        N/A       1%          2
 Dazzling Flash           Conj/Hex       100%       N/A       1%          3
 Portal Projectile        Hex/Tloc       98%        N/A       1%          3
 Stone Arrow              Conj/Erth      100%       3d13      1%          3
 Hailstorm                Conj/Ice       56%        3d12      2%          3
 Tukima's Dance           Hex            37%        N/A       2%          3
 Ensorcelled Hibernation  Hex/Ice        48%        N/A       3%          2
 Mephitic Cloud           Conj/Pois/Air  44%        N/A       4%          3
 Freeze                   Ice            40%        1d6       5%          1
 Necrotise                Necr           40%        1d6       5%          1
 Summon Small Mammal      Summ           40%        N/A       5%          1
 Poisonous Vapours        Pois/Air       20%        N/A       9%          2
 Sublimation of Blood     Necr           10%        N/A       9%          2
 Wereblood                Tmut           10%        N/A       9%          2
 Call Canine Familiar     Summ           10%        N/A       16%         3
 Frozen Ramparts          Ice            20%        1d4       16%         3
 Ozocubu's Armour         Ice            10%        N/A       16%         3
 Swiftness                Air            10%        N/A       16%         3
 Leda's Liquefaction      Hex/Erth       25%        N/A       3%          4
 Animate Armour           Summ/Erth      76%        N/A       9%          4
 Freezing Cloud           Conj/Ice/Air   22%        6-21      38%         5
 Airstrike                Air            5%         2d(1-17)  47%         4
 Metabolic Englaciation   Hex/Ice        12%        N/A       52%         5
 Silence                  Hex/Air        12%        N/A       52%         5
 Agony                    Necr           10%        N/A       83%         5
 Alistair's Intoxication  Tmut/Pois      6%         N/A       83%         5
 Blade Hands              Tmut           5%         N/A       83%         5
 Simulacrum               Ice/Necr       5%         N/A       100%        6
 Summon Hydra             Summ           5%         N/A       100%        7


Dungeon Overview and Level Annotations

Branches:
Dungeon (10/15) Zot: 26150  Temple (0/1) D:4            Lair (1/5) D:10 Zot: 5955
    Orc (0/2) D:9          Bailey (visited)

Shops:
D:1 [

Annotations:
D:10 Fannar


Innate Abilities, Weirdness & Mutations

You have an increased reservoir of magic. (+10% MP)
You shall have no god before yourself.
Your divine heritage dramatically boosts your attributes as you level up.


Message History

The wolf bites you! The wolf attacks as you move away!
The wolf barely misses you. The cane toad attacks as you move away!
The cane toad stings you!
* * * LOW HITPOINT WARNING * * *
The wolf misses you. x2
There is a staircase back to the Dungeon here.
The wolf bites you but does no damage. You block the wolf's attack.
The cane toad closely misses you. Fannar hits you but does no damage.
You fly upwards.
Welcome back to the Dungeon!
There is a staircase to the Lair here.
As you read the scroll of teleportation, it crumbles to dust.
You feel strangely unstable. You block the wolf's attack.
The wolf barely misses you. x3
Casting: Iskenderun's Mystic Blast (dangerous; 1% risk of failure)
Confirm with . or Enter, or press ? or * to list all spells.
You feel a surge of power!
You erupt in a blast of force!
The mystic blast hits the cane toad!
The cane toad is heavily wounded.
The cane toad is knocked back by the mystic blast.
The mystic blast hits Fannar!
Fannar is moderately wounded.
Fannar is knocked back by the mystic blast.
The mystic blast hits the wolf!!
You kill the wolf!
The mystic blast hits the wolf.
The wolf is moderately wounded.
The wolf is knocked back by the mystic blast.
The wolf slams into the rock wall!
The wolf is severely wounded.
The wolf bites you.
* * * LOW HITPOINT WARNING * * *
Casting: Iskenderun's Mystic Blast (dangerous; 1% risk of failure)
Confirm with . or Enter, or press ? or * to list all spells.
You feel a surge of power!
You erupt in a blast of force!
The mystic blast hits the wolf!!
You kill the wolf!
You hit the cane toad.
The cane toad is heavily wounded.
The cane toad stings you!!
You die...

#..........#).....#..###.....
#........#.'......##..##.....
#........###......###..#.....
##.####### #......# ##.+.....
#.# ####'### ###..... #.# #.#
####.. #.# #.# #####. #.#
####.# #..... #.# #@##'#####
#..... ##'#### #.F......#
#..... #.....# ###...e..#
#..... #.....### #......#
#.....
#.....'.######......####.....
#.....#......'....รท.'..#.....
#.....########......##.'.....
#.....# #......####.....
##...## #####'## ##'###


You could see Fannar and a cane toad.

Vanquished Creatures
  An orc warlord (Bailey)
  2 two-headed ogres
  3 cane toads (Lair:1)
  2 trolls
  A hornet (D:6)
  Grinder (D:4)
  A shadow (D:9)
  2 wraiths
  18 yaks
  Eustachio (D:6)
  A basilisk (Lair:1)
  A steam dragon (D:9)
  A wyvern (D:9)
  3 vampire mosquitoes (D:6)
  3 water moccasins
  2 acid dragons (D:10)
  An ice beast (D:7)
  6 orc warriors
  A black bear (D:5)
  A sky beast (D:7)
  2 ogres (D:6)
  4 centaurs
  6 wolves
  2 kobold brigands
  Blork the orc (D:6)
  A gnoll sergeant (D:8)
  7 bullfrogs
  A scorpion (D:6)
  5 wights (D:7)
  6 killer bees
  5 howler monkeys
  2 hounds
  5 jellies
  An orc priest (D:7)
  A gnoll bouda (D:9)
  4 sleepcaps
  Jessica (D:3)
  5 iguanas
  4 orc wizards
  15 gnolls
  5 adders
  A white imp (D:6)
  2 ufetubi (D:5)
  2 dart slugs
  25 orcs
  6 endoplasms
  4 giant cockroaches
  16 goblins
  11 hobgoblins
  4 jackals (D:3)
  3 quokkas
  3 ball pythons
  4 bats
  A frilled lizard (D:1)
  24 kobolds
  8 rats
  A fulminant prism (Bailey)
250 creatures vanquished.

Vanquished Creatures (others)
  85 fulminant prisms
85 creatures vanquished.

Grand Total: 335 creatures vanquished

Notes
Turn   | Place    | Note
-------+----------+-------------------------------------------
     0 | D:1      | NateTC the Demigod Conjurer began the quest for the Orb.
     0 | D:1      | Reached XP level 1. HP: 14/14 MP: 5/5
    96 | D:1      | Found Biqualiv's Antique Armour Shop.
   199 | D:1      | Reached XP level 2. HP: 20/20 MP: 2/7
   283 | D:1      | Reached skill level 4 in Conjurations
  1177 | D:2      | Reached XP level 3. HP: 26/26 MP: 0/9
  1370 | D:2      | Learned a level 2 spell: Searing Ray
  1950 | D:2      | Reached XP level 4. HP: 31/33 MP: 6/10
  2723 | D:3      | Noticed Jessica
  2725 | D:3      | Killed Jessica
  2726 | D:3      | Reached skill level 5 in Conjurations
  3144 | D:4      | Identified the +0 leather armour "Puwkah" {Rampage Str+8
                  | Dex-5 SInv}
  3393 | D:4      | Noticed Grinder
  3403 | D:4      | Killed Grinder
  3404 | D:4      | Reached skill level 6 in Conjurations
  3404 | D:4      | Reached XP level 5. HP: 38/38 MP: 2/13
  3404 | D:4      | Reached XP level 6. HP: 45/45 MP: 2/14
  4051 | D:4      | Found a staircase to the Ecumenical Temple.
  4090 | D:4      | Learned a level 4 spell: Iskenderun's Mystic Blast
  4095 | D:4      | Learned a level 4 spell: Fulminant Prism
  4123 | D:5      | Entered Level 5 of the Dungeon
  4485 | D:5      | Reached skill level 1 in Hexes
  4485 | D:5      | Reached skill level 1 in Translocations
  5441 | D:6      | Noticed a vampire mosquito
  5441 | D:6      | Noticed a vampire mosquito
  5442 | D:6      | Noticed a vampire mosquito
  5450 | D:6      | Killed a vampire mosquito
  5451 | D:6      | Reached XP level 7. HP: 26/50 MP: 7/15
  5455 | D:6      | Reached skill level 5 in Translocations
  5761 | D:6      | Reached XP level 8. HP: 57/57 MP: 7/16
  6221 | D:6      | Noticed a troll
  6249 | D:6      | Reached skill level 1 in Earth Magic
  6360 | D:6      | Killed a troll
  6614 | D:6      | Noticed Eustachio
  6621 | D:6      | Killed Eustachio
  6758 | D:6      | Noticed Blork the orc
  6768 | D:6      | Killed Blork the orc
  7258 | D:7      | Noticed a hornet
  7277 | D:6      | Killed a hornet
  7278 | D:6      | Reached XP level 9. HP: 16/62 MP: 13/18
  8279 | D:7      | Reached skill level 5 in Spellcasting
  8543 | D:8      | Noticed a two-headed ogre
  8602 | D:7      | Reached skill level 5 in Earth Magic
  8792 | D:8      | Found a flagged portal.
  8843 | Bailey   | Entered a bailey
  8848 | Bailey   | Noticed an orc warlord
  9412 | Bailey   | Found a runed translucent gate.
  9413 | Bailey   | Found a runed translucent gate.
  9415 | Bailey   | Found a runed translucent gate.
  9849 | Bailey   | Learned a level 8 spell: Lehudib's Crystal Spear
 10387 | Bailey   | Killed an orc warlord
 10388 | Bailey   | Reached XP level 10. HP: 41/69 MP: 4/23
 10614 | Bailey   | Acquired the scarf of Oklayk {repulsion, -Tele Int+8}
 10626 | Bailey   | Acquired the amulet "Finyir" {Reflect Harm rC+ Slay+3 SH+5}
 10779 | D:8      | Reached skill level 7 in Conjurations
 11039 | D:8      | Killed a two-headed ogre
 11313 | D:9      | Noticed a two-headed ogre
 11319 | D:9      | Killed a two-headed ogre
 11320 | D:9      | Reached skill level 8 in Conjurations
 11628 | D:9      | Identified the +10 sling "Cineps" {drain, rF+ Int+3}
 11927 | D:9      | Found a staircase to the Orcish Mines.
 11978 | D:9      | Reached XP level 11. HP: 49/74 MP: 15/24
 12469 | D:10     | Entered Level 10 of the Dungeon
 12522 | D:10     | Reached skill level 9 in Conjurations
 13039 | D:10     | Found a staircase to the Lair.
 13311 | Lair:1   | Entered Level 1 of the Lair of Beasts
 13331 | Lair:1   | Noticed Fannar
 13336 | Lair:1   | Reached skill level 1 in Fighting
 13360 | D:10     | Mangled by a cane toad

Illustrated notes

Levels and vault maps discovered:
D:1:      saegor_arrival_simple_c, layout_basic, serial_shops, shop_statue,
          minmay_unequal
D:2:      layout_rooms, hellmonk_ecumenical_altar_crossroads,
          kennysheep_generic_room_6
D:3:      layout_basic, general_overflow_altar, uniq_jessica
D:4:      layout_loops_ring, gammafunk_temple_overflow_wave,
          trog_three_pillars_becter, minmay_temple_entry_statues_pillars,
          uniq_grinder
D:5:      layout_gridville, kennysheep_little_box, mainiacjoe_overflow_alcove_2
D:6:      layout_basic, overflow_temple_1_default, grunt_potential,
          uniq_blork_the_orc, uniq_eustachio
D:7:      layout_rooms
D:8:      layout_rooms, enter_bailey_6
D:9:      layout_basic, orc_0_dummy, jiyva_altar_1
D:10:     layout_roguey, lair_entry_dummy
Lair:1:   layout_hall_layers, grunt_megastairs_2, serial_bayou_shore_a,
          uniq_fannar

Skill      XL: |  1  2  3  4  5  6  7  8  9 10 11 |
---------------+----------------------------------+-----
Spellcasting   | 2 3 4 6 |  6.3
Conjurations   | 4 6 8 9 |  9.2
Hexes          | 2 4 |  4.3
Translocations | 3 6 7 |  7.9
Earth Magic    | 3 6 8 |  8.8
Dodging        | 3 |  3.5
Fighting       | 2 |  2.8
Stealth        | |  1.7

Action                     |  1- 3 |  4- 6 |  7- 9 | 10-12 || total
---------------------------+-------+-------+-------+-------++-------
  Melee: Unarmed           |     7 |    11 |    17 |       ||    35
         Rapier            |       |       |    28 |       ||    28
         Punch             |       |       |     1 |       ||     1
         Staff             |       |       |       |    42 ||    42
   Cast: Magic Dart        |    96 |   112 |    49 |     3 ||   260
         Searing Ray       |       |     7 |     3 |       ||    10
         Iskenderun's Myst |       |       |    73 |    21 ||    94
         Fulminant Prism   |       |       |    51 |    35 ||    86
    Use: Scroll            |       |    13 |     9 |     8 ||    30
         Potion            |       |       |     5 |       ||     5
 Armour: Robe              |     3 |     2 |       |       ||     5
         Leather armour    |       |     7 |    26 |    25 ||    58
  Dodge: Dodged            |     6 |    52 |   118 |    59 ||   235
  Block: Other             |       |       |       |    28 ||    28
         Reflection        |       |       |       |     2 ||     2

Table legend: (Time is in decaauts)
 A = Elapsed time spent in this place.
 B = Non-inter-level travel time spent in this place.
 C = Inter-level travel time spent in this place.
 D = Time resting spent in this place.
 E = Time spent auto-exploring this place.
 F = Levels seen in this place.
 G = Mean time per level.
                   A        B        C        D        E       F      G
               +--------+--------+--------+--------+--------+-----+--------+
         Total |  13377 |  13076 |    301 |   4332 |   5837 |  12 | 1114.8 |
       Dungeon |  11537 |  11237 |    300 |   3164 |   5764 |  10 | 1153.7 |
          Lair |     44 |     44 |      0 |      0 |      0 |   1 |   44.0 |
        Bailey |   1795 |   1795 |      0 |   1168 |     73 |   1 | 1795.0 |
               +--------+--------+--------+--------+--------+-----+--------+

Top non-repeatable levels by time:
     D:6: 2043 daAuts
  Bailey: 1795 daAuts
     D:5: 1391 daAuts
     D:1: 1169 daAuts
     D:9: 1164 daAuts
     D:7: 1158 daAuts
     D:4: 1075 daAuts
     D:2: 1013 daAuts
     D:3: 944 daAuts
    D:10: 848 daAuts
     D:8: 727 daAuts
  Lair:1: 44 daAuts
